 Dungeon Sprint DCSS version 0.30-a0-937-ga0a21ad780 (webtiles) character file.

Game seed: 14500806684868695818

348 BigDaddyOpFi the Ducker (level 6, -3/40 HPs)
             Began as a Djinni Earth Elementalist on Mar 24, 2023.
             Was an Elder of Qazlal.
             Slain by a boulder beetle (14 damage)
             ... in the Dungeon (Sprint VII: "The Pits").
             The game lasted 00:01:54 (669 turns).

BigDaddyOpFi the Ducker (Djinni Earth Elementalist)  Turns: 669, Time: 00:01:54

Health: -3/40      AC:  2    Str:  7    XL:     6   Next: 91%
Gold:   0          EV: 15    Int: 19    God:    Qazlal [****..] SH:  5 Dex: 13

rFire   + + .      SeeInvis .    h - +2 hand axe
rCold   x . .      Faith    .    (no shield)
rNeg    . . .      Spirit   .    a - +0 robe
rPois   ∞          Reflect  .    (no helmet)
rElec   .          Rampage  .    (no cloak)
rCorr   .          NoTele   +    (no gloves)
Will    .....                    (boots unavailable)
Stlth   ++                       (no amulet)
HPRegen 0.26/turn                (no ring)
MPRegen 0.00/turn                (no ring)

@: flying, very slightly contaminated, repel missiles
A: sickness immunity, fire resistance 2, cold vulnerability 1, float, innate
caster, HP casting, extra vitality 1
a: Renounce Religion, Upheaval, Elemental Force


You were in the Dungeon.
You worshipped Qazlal.
Qazlal was greatly pleased with you.
You visited 1 branch

Inventory:

Hand Weapons
 h - a +2 hand axe (weapon)
 j - a +0 heavy hand axe
Armour
 a - a +0 robe (worn)
Scrolls
 f - a scroll of blinking
Potions
 b - 6 potions of curing
 c - a potion of heal wounds
 d - a potion of haste
 e - 3 potions of berserk rage
 g - 2 potions of invisibility
 i - 2 potions of magic


   Skills:
 + Level 7.8 Dodging
 + Level 6.4 Stealth
 + Level 5.8 Spellcasting
 + Level 6.3 Invocations


You knew the following spells:

 Your Spells              Type           Power      Damage    Failure   Level
a - Sandblast             Erth           54%        2d13      1%          1
b - Passwall              Tmut/Erth      22%        N/A       1%          2
c - Stone Arrow           Conj/Erth      54%        3d10      3%          3
d - Petrify               Tmut/Erth      27%        N/A       11%         4
e - Sting                 Tmut/Pois      100%       1d8       1%          1
f - Poisonous Vapours     Pois/Air       54%        N/A       1%          2
Your spell library was empty.

Dungeon Overview and Level Annotations

Branches:
Dungeon (1/1)

Altars:
Ashenzari
Cheibriados
Dithmenos
Elyvilon
Fedhas
Gozag
Hepliaklqana
Makhleb
Nemelex Xobeh
Okawaru
Qazlal
Ru
Trog
Uskayaw
Wu Jian
Xom
Yredelemnul
Zin
The Shining One
Jiyva
Lugonu


Innate Abilities, Weirdness & Mutations

You are immune to sickness and miasma.
You are immune to poison.
Your flesh is very heat resistant. (rF++)
You are vulnerable to cold. (rC-)
You float through the air rather than walking.
You learn spells naturally, not from books.
Your magical power is your life essence.
You have superior vitality. (+4 MHP)


Message History

The boulder beetle is severely wounded.
The boulder beetle bites you!!
* * * LOW HITPOINT WARNING * * *
Casting: Stone Arrow (dangerous; 3% risk of failure)
Confirm with . or Enter, or press ? or * to list all spells.
Aiming: Stone Arrow (dangerous; 3% risk of failure)
Press: ? - help, Shift-Dir - straight line, f/p - boulder beetle
Aim: a boulder beetle (severely wounded, 100% to hit)
Okay, then.
You feel much better. The boulder beetle closely misses you.
Casting: Stone Arrow (dangerous; 3% risk of failure)
Confirm with . or Enter, or press ? or * to list all spells.
Aiming: Stone Arrow (dangerous; 3% risk of failure)
Press: ? - help, Shift-Dir - straight line, f/p - boulder beetle
Aim: a boulder beetle (severely wounded, 100% to hit)
The stone arrow hits the boulder beetle.
The boulder beetle is severely wounded.
The boulder beetle bites you!!
Ouch! That really hurt!
* * * LOW HITPOINT WARNING * * *
You feel much better. The boulder beetle bites you!
Casting: Stone Arrow (dangerous; 3% risk of failure)
Confirm with . or Enter, or press ? or * to list all spells.
Aiming: Stone Arrow (dangerous; 3% risk of failure)
Press: ? - help, Shift-Dir - straight line, f/p - boulder beetle
Aim: a boulder beetle (severely wounded, 100% to hit)
You miscast Stone Arrow.
You are very lightly contaminated with residual magic.
Nothing appears to happen.
You block the boulder beetle's attack.
Unknown command.
Casting: Stone Arrow (dangerous; 3% risk of failure)
Confirm with . or Enter, or press ? or * to list all spells.
Aiming: Stone Arrow (dangerous; 3% risk of failure)
Press: ? - help, Shift-Dir - straight line, f/p - boulder beetle
Aim: a boulder beetle (severely wounded, 100% to hit)
The stone arrow hits the boulder beetle!
The boulder beetle is almost dead.
* * * LOW HITPOINT WARNING * * *
The boulder beetle bites you!
You die...

#.#........##.......#
#'###########.......#
#.†.....# #########
#.)#.#..# #.##.##.#
#.......#+#
#.##.##.#.+
#..#.#.†#'#
#.......B@#
###########


You could see a boulder beetle.

Vanquished Creatures
  A floating eye (D)
  A kobold brigand (D)
  A bullfrog (D)
  A necrophage (D)
  An iron imp (D)
  An adder (D)
  A river rat (D)
  An ufetubus (D)
  A worm (D)
  2 ball pythons (D)
  An endoplasm (D)
  A bat (D)
  2 kobolds (D)
  A rat (D)
16 creatures vanquished.

Notes
Turn   | Place    | Note
-------+----------+-------------------------------------------
     0 | D        | BigDaddyOpFi the Djinni Earth Elementalist began the quest
                  | for the Orb.
     0 | D        | BigDaddyOpFi set off with the following spells memorised:
                  | Sandblast, Passwall, Stone Arrow, Petrify.
     0 | D        | Reached XP level 1. HP: 15/15 MP: 0/0
    40 | D        | Found a bloodstained altar of Trog.
    40 | D        | Found a viscous altar of Jiyva.
    40 | D        | Found a hazy altar of Hepliaklqana.
    40 | D        | Found an opulent altar of Gozag.
    41 | D        | Found a glowing golden altar of the Shining One.
    41 | D        | Found a glowing silver altar of Zin.
    41 | D        | Found a basalt altar of Yredelemnul.
    41 | D        | Found a shimmering altar of Xom.
    41 | D        | Found an ornate altar of the Wu Jian Council.
    41 | D        | Found a sacrificial altar of Ru.
    41 | D        | Found a stormy altar of Qazlal.
    41 | D        | Found an iron altar of Okawaru.
    41 | D        | Found a sparkling altar of Nemelex Xobeh.
    41 | D        | Found a burning altar of Makhleb.
    41 | D        | Found a blossoming altar of Fedhas.
    41 | D        | Found a white marble altar of Elyvilon.
    41 | D        | Found a shadowy altar of Dithmenos.
    41 | D        | Found a snail-covered altar of Cheibriados.
    43 | D        | Found a corrupted altar of Lugonu.
    44 | D        | Found a hide-covered altar of Uskayaw.
    44 | D        | Found a broken altar of Ashenzari.
    62 | D        | Became a worshipper of Qazlal Stormbringer
    77 | D        | Reached skill level 3 in Dodging
    77 | D        | Reached XP level 2. HP: 21/21 MP: 0/0
   194 | D        | Noticed a floating eye
   196 | D        | Killed a floating eye
   196 | D        | Reached * piety under Qazlal
   197 | D        | Reached skill level 5 in Dodging
   197 | D        | Reached XP level 3. HP: 23/25 MP: 0/0
   197 | D        | Learned a level 1 spell: Sting
   197 | D        | Reached XP level 4. HP: 29/31 MP: 0/0
   197 | D        | Reached XP level 5. HP: 33/35 MP: 0/0
   197 | D        | Learned a level 2 spell: Poisonous Vapours
   385 | D        | Noticed a bullfrog
   389 | D        | Killed a bullfrog
   389 | D        | Reached ** piety under Qazlal
   390 | D        | Reached skill level 6 in Dodging
   390 | D        | Reached skill level 5 in Stealth
   557 | D        | Noticed a kobold brigand
   562 | D        | Reached skill level 5 in Invocations
   562 | D        | Reached XP level 6. HP: 29/40 MP: 0/0
   564 | D        | Reached *** piety under Qazlal
   565 | D        | Reached skill level 7 in Dodging
   565 | D        | Reached skill level 5 in Spellcasting
   579 | D        | Reached **** piety under Qazlal
   654 | D        | Noticed a boulder beetle
   669 | D        | Slain by a boulder beetle

Illustrated notes

Levels and vault maps discovered:
D:        pitsprint [storerooms_1, entrance_room_1, metal_vault_6, armoury_1,
          mini_pit_1, grid_room_1, main_hall_1, silver_pit, the_coven_1,
          the_vestibule_1, steel_vault_2, golden_pit, hallway_of_sentries,
          crystal_vault_1, iron_vault_5, final_vault]

Skill      XL: |  1  2  3  4  5  6 |
---------------+-------------------+-----
Stealth        | 2 4 5 6 |  6.4
Dodging        | 3 5 6 7 |  7.8
Spellcasting   | 4 5 |  5.8
Invocations    | 3 5 6 |  6.3

Action                     |  1- 3 |  4- 6 || total
---------------------------+-------+-------++-------
   Cast: Sandblast         |     5 |    29 ||    34
         Stone Arrow       |       |    10 ||    10
    Use: Potion            |       |     5 ||     5
 Armour: Robe              |       |     3 ||     3
  Dodge: Dodged            |       |    24 ||    24
  Block: Other             |       |     8 ||     8

Table legend: (Time is in decaauts)
 A = Elapsed time spent in this place.
 B = Non-inter-level travel time spent in this place.
 C = Inter-level travel time spent in this place.
 D = Time resting spent in this place.
 E = Time spent auto-exploring this place.
 F = Levels seen in this place.
 G = Mean time per level.
                   A        B        C        D        E       F      G
               +--------+--------+--------+--------+--------+-----+--------+
         Total |    685 |    666 |     19 |    464 |      0 |   1 |  685.0 |
       Dungeon |    685 |    666 |     19 |    464 |      0 |   1 |  685.0 |
               +--------+--------+--------+--------+--------+-----+--------+

Top non-repeatable levels by time:
       D: 685 daAuts
